 Dungeon Sprint DCSS version 0.29.1-12-g30fa7ad0bf (webtiles) character file.

Game seed: 11239804977014219630

3393 Groucho the Unseen (level 9, -14/49 HPs)
             Began as a Spriggan Enchanter on Dec 17, 2022.
             Was a Follower of Dithmenos.
             Shot with a bolt by a yaktaur (31 damage)
             ... in the Dungeon (Sprint II: "The Violet Keep of Menkaure").
             The game lasted 00:04:58 (491 turns).

Groucho the Unseen (Spriggan Enchanter)              Turns: 491, Time: 00:04:59

Health: -14/49     AC:  2    Str:  6    XL:     9   Next: 75%
Magic:  8/25       EV: 26    Int: 16    God:    Dithmenos [*.....]
Gold:   524        SH:  0    Dex: 20    Spells: 14/30 levels left

rFire   + . .      SeeInvis +   f - +8 dagger of the Usurping Asp {elec, +Blink rF+ Str-2 Dex+4}
rCold   . . .      Faith    .   (no shield)
rNeg    . . .      Spirit   .   b - +0 robe
rPois   .          Reflect  .   (helmet restricted)
rElec   .          Harm     .   (no cloak)
rCorr   .          Rampage  .   (gloves unavailable)
Will    +....      NoTele   +   (boots unavailable)
Stlth   ++++++++..              (no amulet)
HPRegen 0.16/turn               (no ring)
MPRegen 0.19/turn               (no ring)

@: very slightly contaminated, wreathed by umbra, unable to read, very quick
A: very small, no large weapons, unfitting armour, see invisible, speed 3,
deterioration 1, inability to read after injury 1
a: Renounce Religion, Evoke Blink


You were in the Dungeon.
You worshipped Dithmenos.
Dithmenos was aware of your devotion.
You visited 1 branch You collected 972 gold pieces.
You spent 448 gold pieces at shops.

Inventory:

Hand Weapons
 a - a +1 dagger
 f - the +8 dagger of the Usurping Asp (weapon) {elec, +Blink rF+ Str-2 Dex+4}
   (You bought it in a shop in the Dungeon)

   It occasionally discharges a powerful burst of electricity upon striking a
   foe.
   Str:       It affects your strength (-2).
   Dex:       It affects your dexterity (+4).
   rF:        It protects you from fire.
   +Blink:    It lets you blink.
Armour
 b - a +0 robe (worn)
Scrolls
 h - a scroll of silence {unknown}
 i - a scroll of blinking
Potions
 c - a potion of invisibility
 d - a potion of curing
 g - 2 potions of magic


   Skills:
 + Level 6.7 Fighting
 + Level 9.1 Short Blades
 + Level 10.8 Dodging
 - Level 17.0 Stealth
 + Level 11.4 Spellcasting
 * Level 2.5 Conjurations
 + Level 11.8 Hexes
 * Level 3.1 Earth Magic
 + Level 3.1 Evocations


You had 14 spell levels left.
You knew the following spells:

 Your Spells              Type           Power      Damage    Failure   Level
a - Ensorcelled Hibernat  Hex/Ice        56%        N/A       1%          2
b - Confusing Touch       Hex            47%        N/A       1%          3
c - Dazzling Flash        Conj/Hex       64%        N/A       1%          3
d - Tukima's Dance        Hex            47%        N/A       1%          3
e - Passwall              Tmut/Erth      11%        N/A       6%          2
f - Stone Arrow           Conj/Erth      36%        3d9       8%          3

Your spell library contained the following spells:

 Spells                   Type           Power      Damage    Failure   Level
 Sandblast                Erth           38%        2d10      2%          1


Dungeon Overview and Level Annotations

Branches:
Dungeon (1/1)

Altars:
Cheibriados
Dithmenos
Elyvilon
Fedhas
Gozag
Hepliaklqana
Kikubaaqudgha
Makhleb
Nemelex Xobeh
Okawaru
Qazlal
Ru
Sif Muna
Trog
Uskayaw
Vehumet
Wu Jian
Xom
Yredelemnul
Zin
The Shining One
Jiyva
Lugonu

Shops:
D :*([[==!?=!*:(?

Annotations:
D exclusions: oklob plant and orange crystal statue


Innate Abilities, Weirdness & Mutations

You are very small and have problems with some larger weapons.
You are too small for most types of armour.
You have supernaturally acute eyesight. (SInv)
You cover ground extremely quickly. (Speed+++)
Your body sometimes deteriorates upon taking damage.
You occasionally lose the ability to read scrolls when taking damage.


Message History

The yaktaur resists with some effort.
The yaktaur shoots a bolt.
The bolt completely misses you.
Casting: Ensorcelled Hibernation (safe; 1% risk of failure)
Confirm with . or Enter, or press ? or * to list all spells.
Aiming: Ensorcelled Hibernation (safe; 1% risk of failure)
Press: ? - help, Shift-Dir - straight line, f/p - yaktaur
Aim: a yaktaur, wielding a +0 arbalest (chance to affect: 41%)
The yaktaur resists with some effort.
The yaktaur shoots a bolt.
The bolt hits you!!!
Ouch! That really hurt!
* * * LOW HITPOINT WARNING * * *
You feel much better.
The yaktaur shoots a bolt.
The bolt completely misses you.
Casting: Ensorcelled Hibernation (safe; 1% risk of failure)
Confirm with . or Enter, or press ? or * to list all spells.
Aiming: Ensorcelled Hibernation (safe; 1% risk of failure)
Press: ? - help, Shift-Dir - straight line, f/p - yaktaur
Aim: a yaktaur, wielding a +0 arbalest (chance to affect: 41%)
You miscast Ensorcelled Hibernation.
You are very lightly contaminated with residual magic.
Nothing appears to happen.
The yaktaur shoots a bolt.
The bolt closely misses you.
Casting: Ensorcelled Hibernation (safe; 1% risk of failure)
Confirm with . or Enter, or press ? or * to list all spells.
Aiming: Ensorcelled Hibernation (safe; 1% risk of failure)
Press: ? - help, Shift-Dir - straight line, f/p - yaktaur
Aim: a yaktaur, wielding a +0 arbalest (chance to affect: 41%)
The yaktaur resists with some effort.
The yaktaur shoots a bolt.
The bolt misses you.
Unknown command.
Casting: Ensorcelled Hibernation (safe; 1% risk of failure)
Confirm with . or Enter, or press ? or * to list all spells.
Aiming: Ensorcelled Hibernation (safe; 1% risk of failure)
Press: ? - help, Shift-Dir - straight line, f/p - yaktaur
Aim: a yaktaur, wielding a +0 arbalest (chance to affect: 41%)
The yaktaur resists with some effort.
The yaktaur shoots a bolt.
The bolt hits you!!
You feel threatened and lose the ability to read scrolls!
Ouch! That really hurt!
You die...

.....# +##..# #^ #.##.####
+.### #..#....# ...####
#.####..## #..##$# '###.##..#
+..#..# .##...#..#
#..#.c#▓=?$$!
<.'.#.'..####..##†#▓[)![$$)
.##.).#....###^.@##▓▓▓▓▓▓▓
'###.##.§.§..~~~~~~~~~~~~~
..####~~§.§..~#+########+###
#.÷#~~§~~§§§.~#_._.....#~~~##
#.##~~~~~§~~.~#._._....#§~≈≈#
+##~~~≈§≈§~§~~#_._._...#§§§§≈
~~~~~~~§§§≈~~§#._._._..#§~S≈§
#+++#~≈≈§≈≈≈≈~#_._._._.#~~§§§
SS≈≈##§§§###≈≈#._._._._#§S~§≈


You could see a yaktaur.

Vanquished Creatures
  2 boulder beetles (D)
  A merfolk siren (D)
  3 polar bears (D)
  A hornet (D)
  A vampire mosquito (D)
  4 neqoxecs (D)
  Menkaure (D)
  A water moccasin (D)
  4 necrophages (D)
18 creatures vanquished.

Vanquished Creatures (others)
  A water moccasin (D)
1 creature vanquished.

Grand Total: 19 creatures vanquished

Notes
Turn   | Place    | Note
-------+----------+-------------------------------------------
     0 | D        | Groucho the Spriggan Enchanter began the quest for the Orb.
     0 | D        | Reached XP level 1. HP: 9/9 MP: 5/5
     1 | D        | Noticed a neqoxec
     1 | D        | Noticed a neqoxec
     4 | D        | Noticed a neqoxec
     6 | D        | Killed a neqoxec
     7 | D        | Reached skill level 11 in Stealth
     7 | D        | Reached XP level 2. HP: 13/13 MP: 6/10
     7 | D        | Reached XP level 3. HP: 16/16 MP: 6/11
     7 | D        | Reached XP level 4. HP: 21/21 MP: 7/13
     9 | D        | Killed a neqoxec
    10 | D        | Reached skill level 12 in Stealth
    10 | D        | Reached XP level 5. HP: 26/26 MP: 7/15
    10 | D        | Noticed a neqoxec
    15 | D        | Gained mutation: You occasionally lose the ability to read
                  | scrolls when taking damage. [a neqoxec]
    18 | D        | Killed a neqoxec
    19 | D        | Reached skill level 5 in Dodging
    19 | D        | Reached skill level 13 in Stealth
    19 | D        | Reached XP level 6. HP: 32/32 MP: 7/17
    19 | D        | Gained mutation: Your body sometimes deteriorates upon
                  | taking damage. [a neqoxec]
    26 | D        | Killed a neqoxec
    27 | D        | Reached skill level 14 in Stealth
    31 | D        | Noticed a boulder beetle
    31 | D        | Noticed a boulder beetle
    34 | D        | Killed a boulder beetle
    35 | D        | Reached skill level 16 in Stealth
    35 | D        | Reached XP level 7. HP: 38/38 MP: 9/20
    35 | D        | Reached XP level 8. HP: 42/42 MP: 9/22
    37 | D        | Killed a boulder beetle
    38 | D        | Reached skill level 5 in Fighting
    38 | D        | Reached skill level 17 in Stealth
    38 | D        | Reached skill level 10 in Spellcasting
    38 | D        | Reached skill level 10 in Hexes
    41 | D        | Noticed a merfolk siren
    44 | D        | Killed a merfolk siren
    45 | D        | Reached XP level 9. HP: 48/48 MP: 10/24
    55 | D        | Reached skill level 10 in Dodging
    80 | D        | Found Qunechat's Magic Scroll Boutique.
    80 | D        | Found Nebreer's Distillery.
    80 | D        | Found Pugoxat's Book Shop.
    80 | D        | Found Leatiun's Jewellery Boutique.
    81 | D        | Found Utu Unai's Magic Scroll Shop.
    81 | D        | Found Buskaoqe's Assorted Antiques.
    81 | D        | Found Rair's Distillery.
    89 | D        | Found Gazupsuf's Jewellery Boutique.
    89 | D        | Found Iky Vul's Antique Armour Shop.
    89 | D        | Found Lioxto's Antique Armour Boutique.
    90 | D        | Found Suta's Weapon Shop.
    90 | D        | Found Naguxko's Assorted Antiques.
    95 | D        | Learned a level 2 spell: Ensorcelled Hibernation
    99 | D        | Learned a level 3 spell: Confusing Touch
   103 | D        | Learned a level 3 spell: Dazzling Flash
   107 | D        | Learned a level 3 spell: Tukima's Dance
   107 | D        | Found Bineeniva's Antique Weapon Boutique.
   107 | D        | Found Leritumi's Jewellery Shop.
   107 | D        | Noticed an unseen horror
   110 | D        | Noticed Menkaure
   110 | D        | Noticed an unseen horror
   110 | D        | Noticed an oklob plant
   119 | D        | Killed Menkaure
   121 | D        | Found Denonoss's Book Shoppe.
   132 | D        | Bought a fading dagger for 196 gold pieces
   132 | D        | Identified the +8 dagger of the Usurping Asp {elec, +Blink
                  | rF+ Str-2 Dex+4} (You bought it in a shop in the Dungeon)
   137 | D        | Noticed a great orb of eyes
   154 | D        | Bought a book of Geomancy for 252 gold pieces
   157 | D        | Learned a level 2 spell: Passwall
   161 | D        | Learned a level 3 spell: Stone Arrow
   329 | D        | Found an iron altar of Okawaru.
   329 | D        | Found a radiant altar of Vehumet.
   329 | D        | Found a glowing silver altar of Zin.
   330 | D        | Found a sparkling altar of Nemelex Xobeh.
   330 | D        | Found a hide-covered altar of Uskayaw.
   330 | D        | Found a basalt altar of Yredelemnul.
   331 | D        | Found an opulent altar of Gozag.
   331 | D        | Found a burning altar of Makhleb.
   331 | D        | Found a bloodstained altar of Trog.
   331 | D        | Found a shimmering altar of Xom.
   331 | D        | Found a glowing golden altar of the Shining One.
   333 | D        | Found a corrupted altar of Lugonu.
   333 | D        | Found a blossoming altar of Fedhas.
   333 | D        | Found a shimmering blue altar of Sif Muna.
   333 | D        | Found an ornate altar of the Wu Jian Council.
   333 | D        | Noticed a polar bear
   334 | D        | Found an ancient bone altar of Kikubaaqudgha.
   334 | D        | Found a white marble altar of Elyvilon.
   334 | D        | Found a sacrificial altar of Ru.
   335 | D        | Found a viscous altar of Jiyva.
   335 | D        | Found a shadowy altar of Dithmenos.
   335 | D        | Found a stormy altar of Qazlal.
   339 | D        | Found a snail-covered altar of Cheibriados.
   339 | D        | Found a hazy altar of Hepliaklqana.
   345 | D        | Became a worshipper of Dithmenos the Shadowed
   383 | D        | Noticed an orange crystal statue
   434 | D        | Reached skill level 1 in Earth Magic
   434 | D        | Reached skill level 1 in Evocations
   468 | D        | Noticed a yaktaur
   469 | D        | Noticed a polar bear
   469 | D        | Noticed a polar bear
   470 | D        | Killed a polar bear
   471 | D        | Reached skill level 1 in Conjurations
   474 | D        | Reached * piety under Dithmenos
   478 | D        | Killed a polar bear
   485 | D        | Killed a polar bear
   487 | D        | HP: 2/49 [yaktaur/bolt (39)]
   491 | D        | Shot with a bolt by a yaktaur

Illustrated notes

Levels and vault maps discovered:
D:        the_violet_keep_of_menkaure [sprint2_stairs_cluster_1,
          sprint2_shoproom, sprint2_temple, sprint2_basic_supplies,
          sprint2_obstacle_7, sprint2_obstacle_5, sprint2_obstacle_4,
          sprint2_obstacle_1, sprint2_obstacle_3, sprint2_timed_cluster_1,
          sprint2_smallroom_cluster_1, sprint2_smallroom_final_cluster_1,
          sprint2_transparent_cluster_1, sprint2_second_timed_cluster_1,
          sprint2_sniper_area_1, sprint2_heavy_combat_area_1,
          sprint2_mutation_trap_area_1, sprint2_forest_area_1,
          sprint2_light_combat_area_1, sprint2_behind_water_1,
          sprint2_near_end_vault_1]

Skill      XL: |  1  2  3  4  5  6  7  8  9 |
---------------+----------------------------+-----
Stealth        | 11 12 13 16 17 | 17.0
Spellcasting   | 6 7 9 10 11 | 11.4
Hexes          | 6 7 8 9 11 | 11.8
Fighting       | 2 4 5 6 |  6.7
Short Blades   | 3 4 6 8 9 |  9.1
Dodging        | 4 5 8 9 10 | 10.8
Earth Magic    | 3 |  3.1
Evocations     | 3 |  3.1
Conjurations   | 2 |  2.5

Action                   |  1- 3 |  4- 6 |  7- 9 || total
-------------------------+-------+-------+-------++-------
Melee: Dagger            |     2 |    19 |    20 ||    41
       Punch             |       |     1 |       ||     1
 Cast: Ensorcelled Hiber |       |       |     7 ||     7
       Confusing Touch   |       |       |     3 ||     3
       Passwall          |       |       |     3 ||     3
  Use: Potion            |     2 |     1 |     1 ||     4
 Stab: Invisible         |     2 |     3 |       ||     5
       Sleeping          |       |     1 |    10 ||    11
       Confused          |       |       |     3 ||     3
Dodge: Dodged            |     1 |     6 |    25 ||    32
